 Dungeon Crawl Stone Soup version 0.31-a0-543-geaa9c7a2c0 (webtiles) character file.

Game seed: 14802993529152700040

280 JackS81 the Conjurer (level 6, -4/43 HPs)
             Began as a Human Conjurer on Aug 15, 2023.
             Was a Follower of Kikubaaqudgha.
             Slain by an ogre
             ... wielding a +0 giant spiked club
              (25 damage)
             ... on level 4 of the Dungeon.
             The game lasted 00:15:55 (3652 turns).

JackS81 the Conjurer (Human Conjurer)               Turns: 3652, Time: 00:15:55

Health: -4/43      AC:  3    Str:  7    XL:     6   Next: 52%
Magic:  1/10       EV: 12    Int: 21    God:    Kikubaaqudgha [*.....]
Gold:   195        SH:  0    Dex: 11    Spells: 1/11 levels left

rFire   . . .        o - +2 whip (flame)
rCold   . . .        (no shield)
rNeg    . . .        a - +0 robe
rPois   .            (no helmet)
rElec   .            n - +0 cloak
rCorr   .            (no gloves)
SInv    .            (no boots)
Will    .....        (no amulet)
Stlth   ++           (no ring)
HPRegen 0.27/turn    (no ring)
MPRegen 0.12/turn

%: no passive effects
@: no status effects
A: no striking features
a: Renounce Religion, Unearth Wretches


You were on level 4 of the Dungeon.
You worshipped Kikubaaqudgha.
Kikubaaqudgha was aware of your devotion.
You visited 1 branch of the dungeon, and saw 4 of its levels.

You collected 195 gold pieces.

Inventory:

Hand Weapons
 c - a +0 dagger
 o - a +2 whip of flaming (weapon)
 p - a +0 halberd of venom
Armour
 a - a +0 robe (worn)
 n - a +0 cloak (worn)
 u - a +0 leather armour of cold resistance
Magical Staves
 r - a staff of air
Talismans
 l - a flux talisman
Scrolls
 d - a scroll of blinking {unknown}
 e - a scroll of poison {unknown}
 g - 2 scrolls of enchant armour {unknown}
 j - a scroll of fog {unknown}
 s - a scroll of identify
Potions
 b - 2 potions of magic
 f - 2 potions of curing
 h - a potion of enlightenment
 i - a potion of ambrosia {unknown}
 k - a potion of might {unknown}
 m - a potion of lignification
 q - a potion of degeneration {unknown}
 t - a potion of brilliance {unknown}


   Skills:
 * Level 1.3 Fighting
 + Level 2.2 Dodging
 - Level 2.0 Stealth
 + Level 3.1 Spellcasting
 * Level 6.2 Conjurations
 * Level 1.3 Necromancy


You had one spell level left.
You knew the following spells:

 Your Spells              Type           Power      Damage    Failure   Level
a - Magic Dart            Conj           100%       1d8       1%          1
b - Searing Ray           Conj           58%        2d6       1%          2
c - Iskenderun's Mystic   Conj/Tloc      16%        2d5       36%         4
d - Mephitic Cloud        Conj/Pois/Air  12%        N/A       17%         3

Your spell library contained the following spells:

 Spells                   Type           Power      Damage    Failure   Level
 Kiss of Death            Conj/Necr      76%        2d11      2%          1
 Shock                    Conj/Air       64%        1d7       3%          1
 Necrotise                Necr           32%        1d5       8%          1
 Sandblast                Erth           6%         2d5       13%         1
 Sting                    Tmut/Pois      12%        1d3       13%         1
 Dazzling Flash           Conj/Hex       32%        N/A       11%         3
 Stone Arrow              Conj/Erth      32%        3d9       11%         3
 Lesser Beckoning         Tloc           6%         N/A       21%         2
 Passwall                 Tmut/Erth      2%         N/A       21%         2
 Poisonous Vapours        Pois/Air       6%         N/A       21%         2
 Vampiric Draining        Necr           8%         2d6       22%         3
 Gell's Gravitas          Tloc           3%         N/A       36%         3
 Swiftness                Air            3%         N/A       36%         3
 Teleport Other           Tloc           3%         N/A       36%         3
 Fulminant Prism          Conj/Hex       8%         3d7       36%         4
 Animate Dead             Necr           8%         N/A       58%         4
 Airstrike                Air            1%         2d(1-17)  78%         4
 Olgreb's Toxic Radiance  Pois           3%         N/A       78%         4
 Freezing Cloud           Conj/Ice/Air   6%         6-21      83%         5


Dungeon Overview and Level Annotations

Branches:
Dungeon (4/15)
 Temple: D:4-7

Altars:
Kikubaaqudgha
Uskayaw


Message History

You hear a shout!
Casting: Mephitic Cloud (quite dangerous; 17% risk of failure)
Confirm with . or Enter, or press ? or * to list all spells.
Aiming: Searing Ray (safe; 1% risk of failure)
Press: ? - help, Shift-Dir - straight line The searing ray hits the endoplasm!
You kill the endoplasm!
Kikubaaqudgha accepts your kill.
The searing ray hits the giant cockroach.
The giant cockroach is moderately wounded. (Press . to maintain the ray.)
The ogre is engulfed in noxious fumes.
The ogre appears confused.
The searing ray hits the giant cockroach.
The giant cockroach is severely wounded.
The searing ray hits the ogre.
The ogre is lightly wounded.
The ogre is engulfed in noxious fumes.
The ogre appears confused.
The giant cockroach bites you but does no damage.
The searing ray hits the giant cockroach!
You kill the giant cockroach!
Kikubaaqudgha accepts your kill.
The searing ray hits the ogre!
The ogre is heavily wounded.
Without enough magic to sustain it, your searing ray dissipates.
Your +2 whip of flaming bursts into flame!
o - a +2 whip of flaming (weapon)
There is an open door here.
The ogre hits you with a +0 giant spiked club!!
Ouch! That really hurt!
You hit the ogre. You burn the ogre.
The ogre is severely wounded.
Your magical contamination has completely faded away.
You hit the ogre. You burn the ogre.
The ogre is almost dead.
You hit the ogre. You burn the ogre.
The ogre is almost dead.
The ogre hits you with a +0 giant spiked club!!
Ouch! That really hurt!
You die...
Kikubaaqudgha rasps: "You have failed me!
Welcome... death!"

##......#.........# ##.......
###............####.# #.......
#.........#.....###.# #.......
#.##......###'#..##.#####.......
#.#...######..##.......###......
#....##..##..).##.........#.....
#.####.รท..'....####...........#.
#.# #....##..##..##.....#...##.
#.#####..#####'@...#..>..#......
##.##..#'## ##O...#.........#..
#..#....## ##..##......#....#
##.#....'.(O... #+##......#...##
#.##..##..g8.. ##...###....#
#..##+ .o...J #[...##....# #..#
..... #........... #..# #)$!#
##....##....# #..# ####
###.....##.....


You could see an ogre (confused).

Vanquished Creatures
  A black bear (D:4)
  An orc priest (D:4)
  A hound (D:4)
  7 adders
  A dart slug (D:4)
  9 orcs
  2 ball pythons
  A bat (D:2)
  3 endoplasms
  3 giant cockroaches
  5 goblins
  6 hobgoblins
  A jackal (D:4)
  2 quokkas
  3 frilled lizards
  7 kobolds
  4 rats
57 creatures vanquished.

Notes
Turn   | Place    | Note
-------+----------+-------------------------------------------
     0 | D:1      | JackS81 the Human Conjurer began the quest for the Orb.
     0 | D:1      | Reached XP level 1. HP: 13/13 MP: 3/3
   318 | D:1      | Reached XP level 2. HP: 19/19 MP: 3/5
   321 | D:1      | Learned a level 2 spell: Searing Ray
   620 | D:1      | Found a faded altar of an unknown god.
   962 | D:2      | Reached XP level 3. HP: 24/24 MP: 0/6
  1160 | D:2      | Found an ancient bone altar of Kikubaaqudgha.
  1166 | D:2      | Became a worshipper of Kikubaaqudgha
  1741 | D:3      | Reached skill level 5 in Conjurations
  1849 | D:3      | Reached XP level 4. HP: 31/31 MP: 5/7
  1853 | D:3      | Found a hide-covered altar of Uskayaw.
  2120 | D:3      | Learned a level 4 spell: Iskenderun's Mystic Blast
  2485 | D:4      | Noticed a black bear
  2601 | D:4      | Noticed a gnoll sergeant
  2758 | D:4      | Reached skill level 1 in Necromancy
  2758 | D:4      | Reached XP level 5. HP: 36/36 MP: 5/8
  2848 | D:4      | Reached skill level 1 in Fighting
  3004 | D:4      | Reached * piety under Kikubaaqudgha
  3004 | D:4      | Received a gift from Kikubaaqudgha
  3234 | D:4      | Killed a black bear
  3235 | D:4      | Reached skill level 6 in Conjurations
  3235 | D:4      | Reached XP level 6. HP: 43/43 MP: 3/10
  3443 | D:4      | Noticed an ogre
  3614 | D:4      | Learned a level 3 spell: Mephitic Cloud
  3640 | D:4      | Noticed an ogre
  3652 | D:4      | Slain by an ogre

Illustrated notes

Levels and vault maps discovered:
D:1:      tarquinn_simple_flora_water_a, layout_loops_ring,
          shapermc_ecumenical_altar_flowoftime
D:2:      layout_loops_ring, basic_altar, minmay_misc_feat_roman
D:3:      layout_loops_ring, nicolae_uskayaw_suspiria
D:4:      minmay_bubble_buster, layout_rooms, minmay_starry_boxes

Skill      XL: |  1  2  3  4  5 |
---------------+----------------+-----
Conjurations   | 5 6 |  6.2
Necromancy     | 1 |  1.3
Fighting       | 1 |  1.3
Spellcasting   | 3 |  3.1
Dodging        | |  2.2
Stealth        | |  2.0

Action                     |  1- 3 |  4- 6 || total
---------------------------+-------+-------++-------
  Melee: Dagger            |     8 |       ||     8
         Whip              |       |    12 ||    12
   Cast: Magic Dart        |    44 |    49 ||    93
         Searing Ray       |     2 |     6 ||     8
         Mephitic Cloud    |       |     1 ||     1
    Use: Scroll            |     3 |       ||     3
   Stab: Sleeping          |     1 |       ||     1
 Armour: Robe              |     3 |     3 ||     6
  Dodge: Dodged            |     9 |     7 ||    16

Table legend: (Time is in decaauts)
 A = Elapsed time spent in this place.
 B = Non-inter-level travel time spent in this place.
 C = Inter-level travel time spent in this place.
 D = Time resting spent in this place.
 E = Time spent auto-exploring this place.
 F = Levels seen in this place.
 G = Mean time per level.
                   A        B        C        D        E       F      G
               +--------+--------+--------+--------+--------+-----+--------+
         Total |   3650 |   3502 |    148 |    581 |   2334 |   4 |  912.5 |
       Dungeon |   3650 |   3502 |    148 |    581 |   2334 |   4 |  912.5 |
               +--------+--------+--------+--------+--------+-----+--------+

Top non-repeatable levels by time:
     D:4: 1102 daAuts
     D:3: 967 daAuts
     D:2: 821 daAuts
     D:1: 759 daAuts
